General information
- name: BNet
- type: Ladder team game (AT/RT)
- host: Battle.net
- saver: iggy_the_fisk
map: Avalanche
- players: 4
- length: 13:29
- speed: Fast
- version: 1.21 W3XP
- replay type:

» download(77 KB)
Players
team 1 (winner)

»
iggy_the_fisk (
teal | 113 APM | 1530 actions | 13:29)
4 Death Knight
2 Death Coil
2 Unholy Aura
1 Lich
1 Frost Nova
» actions
| Assign group hotkey | 159 | |
| Basic commands | 15 | |
| Build / train | 40 | |
| Enter build submenu | 9 | |
| Enter hero's abilities submenu | 5 | |
| Give item / drop item | 1 | |
| Right click | 798 | |
| Select / deselect | 200 | |
| Select group hotkey | 251 | |
| Use ability | 52 | |
1530 total
» units
| Acolyte | 2 | |
| Ghoul | 3 | |
| Crypt Fiend | 15 | |
| Obsidian Statue | 2 | |
22 total
» upgrades
| Creature Attack | 1 | |
| Burrow | 1 | |
| Web | 1 | |
3 total
» buildings
| Crypt | 1 | |
| Graveyard | 1 | |
| Altar of Darkness | 1 | |
| Ziggurat | 4 | |
| Tomb of Relics | 1 | |
| Halls of the Dead | 1 | |
| Slaughterhouse | 1 | |
| Black Citadel | 4 | |
14 total
» build order
00:05 Crypt
00:23 Graveyard
00:45 Altar of Darkness
00:57 Ziggurat
01:25 Tomb of Relics
01:59 Ziggurat
05:03 Halls of the Dead
07:18 Ziggurat
07:29 Slaughterhouse
09:42 Ziggurat
11:28 Black Citadel
11:28 Black Citadel
11:28 Black Citadel
11:29 Black Citadel
» items
| Rod of Necromancy | 2 | |
| Dust of Appearance | 1 | |
3 total

»
TIMG4STRok (
red | 99 APM | 1336 actions | 13:29)
4 Archmage
2 Summon Water Elemental
2 Brilliance Aura
2 Mountain King
1 Storm Bolt
1 Bash
» actions
| Assign group hotkey | 23 | |
| Basic commands | 57 | |
| Build / train | 44 | |
| ESC pressed | 2 | |
| Enter build submenu | 24 | |
| Enter hero's abilities submenu | 6 | |
| Give item / drop item | 2 | |
| Right click | 648 | |
| Select / deselect | 194 | |
| Select group hotkey | 292 | |
| Use ability | 44 | |
1336 total
» units
| Peasant | 12 | |
| Footman | 7 | |
| Sorceress | 3 | |
| Spell Breaker | 1 | |
| Priest | 2 | |
25 total
» upgrades
| Sorceress Training | 3 | |
| Priest Training | 1 | |
| Plating | 1 | |
| Swords | 1 | |
| Magic Sentry | 1 | |
7 total
» buildings
| Altar of Kings | 1 | |
| Barracks | 1 | |
| Farm | 10 | |
| Scout Tower | 1 | |
| Keep | 1 | |
| Arcane Tower | 1 | |
| Blacksmith | 1 | |
| Arcane Sanctum | 2 | |
| Arcane Vault | 1 | |
| Castle | 1 | |
| Town Hall | 2 | |
| Lumber Mill | 1 | |
23 total
» build order
00:07 Altar of Kings
00:10 Barracks
00:19 Farm
00:54 Farm
01:29 Farm
02:00 Scout Tower
02:56 Keep
03:43 Farm
03:45 Arcane Tower
04:50 Farm
04:54 Blacksmith
05:34 Arcane Sanctum
06:37 Arcane Vault
06:40 Arcane Sanctum
07:36 Farm
07:39 Farm
08:44 Castle
10:00 Farm
11:41 Town Hall
11:44 Town Hall
12:08 Lumber Mill
12:29 Farm
12:31 Farm
team 2 (loser)
HObo_CommandO (
yellow | 113 APM | 1529 actions | 13:28)
2 Demon Hunter
1 Mana Burn
1 Evasion
» actions
| Assign group hotkey | 15 | |
| Basic commands | 56 | |
| Build / train | 39 | |
| ESC pressed | 2 | |
| Enter build submenu | 11 | |
| Enter hero's abilities submenu | 2 | |
| Remove unit from queue | 4 | |
| Right click | 936 | |
| Select / deselect | 333 | |
| Select group hotkey | 83 | |
| Use ability | 48 | |
1529 total
» units
» upgrades
» buildings
| Altar of Elders | 1 | |
| Moon Well | 4 | |
| Ancient of War | 1 | |
| Hunter's Hall | 1 | |
| Tree of Ages | 1 | |
| Ancient of Wonders | 2 | |
| Ancient of Lore | 2 | |
12 total
» build order
00:02 Altar of Elders
00:17 Moon Well
01:41 Ancient of War
01:44 Hunter's Hall
01:57 Moon Well
03:13 Tree of Ages
03:59 Moon Well
04:15 Ancient of Wonders
04:36 Ancient of Wonders
05:31 Moon Well
06:36 Ancient of Lore
07:21 Ancient of Lore
xSassygirlx (
blue | 55 APM | 741 actions | 13:25)
2 Mountain King
1 Storm Bolt
1 Thunder Clap
» actions
| Assign group hotkey | 19 | |
| Basic commands | 16 | |
| Build / train | 54 | |
| ESC pressed | 2 | |
| Enter build submenu | 19 | |
| Enter hero's abilities submenu | 2 | |
| Remove unit from queue | 2 | |
| Right click | 271 | |
| Select / deselect | 162 | |
| Select group hotkey | 153 | |
| Use ability | 41 | |
741 total
» units
| Peasant | 7 | |
| Footman | 13 | |
| Rifleman | 4 | |
| Spell Breaker | 4 | |
| Priest | 1 | |
| Mortar Team | 2 | |
| Knight | 1 | |
32 total
» upgrades
» buildings
| Altar of Kings | 1 | |
| Farm | 7 | |
| Barracks | 1 | |
| Scout Tower | 3 | |
| Arcane Tower | 1 | |
| Keep | 1 | |
| Blacksmith | 1 | |
| Lumber Mill | 1 | |
| Arcane Vault | 1 | |
| Arcane Sanctum | 1 | |
| Guard Tower | 1 | |
| Castle | 1 | |
| Workshop | 2 | |
| Cannon Tower | 2 | |
24 total
» build order
00:10 Altar of Kings
00:21 Farm
00:35 Barracks
00:59 Farm
01:42 Scout Tower
01:50 Farm
02:14 Arcane Tower
02:59 Farm
03:48 Keep
04:03 Blacksmith
04:23 Lumber Mill
06:43 Arcane Vault
07:30 Arcane Sanctum
08:51 Scout Tower
08:54 Scout Tower
09:23 Guard Tower
10:07 Castle
10:16 Workshop
10:27 Workshop
10:42 Farm
11:31 Farm
11:44 Cannon Tower
12:14 Farm
12:18 Cannon Tower
» items
| Scroll of Town Portal | 1 | |
| Lesser Clarity Potion | 1 | |
| Scroll of Regeneration | 1 | |
| Potion of Healing | 1 | |
| Potion of Mana | 2 | |
| Ivory Tower | 2 | |
8 total
Chat log
(11:58 / All) TIMG4STRok: quit please thanks
(13:18 / All) TIMG4STRok: leave fat noob